 Dungeon Crawl Stone Soup version 0.21.1-1-g345015f (webtiles) character file.

11341 olivier the Basher (level 11, -3/73 HPs)
             Began as a Gargoyle Fighter on May 26, 2018.
             Slain by an orc warrior
             ... wielding a +0 short sword
              (5 damage)
             ... on level 2 of the Orcish Mines on May 27, 2018.
             The game lasted 01:05:38 (11342 turns).

olivier the Basher (Gargoyle Fighter)              Turns: 11342, Time: 01:05:42

Health: -3/73      AC: 24    Str: 26    XL:     11   Next: 76%
Magic:  11/11      EV:  7    Int:  9    God:
Gold:   776        SH: 12    Dex: 11    Spells: 10/10 levels left

rFire    . . .     SeeInvis +   m - +9 mace "Xeekeira" {pain, *Slow rC+ Str+5}
rCold    + . .     Gourm    +   c - +0 shield
rNeg     + . .     Faith    .   H - +0 plate armour (curse)
rPois    ∞         Spirit   .   p - +0 helmet
rElec    +         Reflect  .   k - +0 cloak
rCorr    .         Harm     .   (no gloves)
MR       .....                  (no boots)
Stlth    ..........             F - amulet of the gourmand
HPRegen  0.22/turn              d - ring of see invisible
MPRegen  0.12/turn              (no ring)

@: flying
A: negative energy resistance 1, electricity resistance, unbreathing,
petrification resistance, rot immunity, AC +8
a: no special abilities


You were on level 2 of the Orcish Mines.
You were full.

You visited 2 branches of the dungeon, and saw 11 of its levels.

You collected 824 gold pieces.
You spent 48 gold pieces at shops.

Inventory:

Hand Weapons
 a - a +1 flail
 i - a cursed +0 spear
 l - a +4 hunting sling
 m - the +9 mace "Xeekeira" (weapon) {pain, *Slow rC+ Str+5}
   (You found it on level 4 of the Dungeon)

   In the hands of one skilled in necromantic magic, it inflicts extra damage on
   living creatures.
   It affects your strength (+5).
   It protects you from cold.
   It may slow you when you take damage.
 o - a +3 mace
 G - the +8 great mace "Backes" {crush, rN++}
   (You found it on level 9 of the Dungeon)

   It inflicts extra damage upon your enemies.
   It greatly protects you from negative energy.
Missiles
 g - 29 sling bullets (quivered)
 t - 158 stones
Armour
 c - a +0 shield (worn)
 k - a +0 cloak (worn)
 p - a +0 helmet (worn)
 v - a +0 chain mail
 A - +0 steam dragon scales
 H - a cursed +0 plate armour (worn)
Jewellery
 d - a ring of see invisible (left hand)
 F - an amulet of the gourmand (around neck)
Scrolls
 b - 2 scrolls of identify
 f - 2 scrolls of fear
 h - 4 scrolls of teleportation
 u - a scroll of enchant weapon
 w - 2 scrolls of fog
 y - 3 scrolls of magic mapping
 B - a scroll of random uselessness {unknown}
 C - a scroll of vulnerability {unknown}
 D - 3 scrolls of remove curse
 E - 2 scrolls of summoning
Potions
 e - 2 potions of curing
 j - 2 potions of brilliance
 s - a potion of resistance
 x - 2 potions of flight
 z - 3 potions of agility
Books
 n - a book of Cantrips

   Spells                             Type                      Level
   a - Confusing Touch                Hexes                        1
   b - Animate Skeleton               Necromancy                   1
   c - Summon Small Mammal            Summoning                    1
   d - Apportation                    Translocation                1
Comestibles
 q - 9 rations


   Skills:
 * Level 10.3 Fighting
 + Level 11.0 Maces & Flails
 + Level 8.8 Armour
 + Level 3.1 Dodging
 * Level 2.2 Stealth
 * Level 9.3 Shields


You had 10 spell levels left.
You didn't know any spells.

Dungeon Overview and Level Annotations

Branches:
Dungeon (9/15)             Temple (0/1) D:6             Orc (2/2) D:9
   Lair: D:8-11         Elf: Orc:2

Altars:
Cheibriados
Fedhas
Gozag
Hepliaklqana
Kikubaaqudgha
Uskayaw
Vehumet
Zin
The Shining One

Shops:
D:8 *

Annotations:
Orc:2 Saint Roka


Innate Abilities, Weirdness & Mutations

You are resistant to torment.
Your stone body is resilient. (AC +8)
You are immune to poison.
You resist negative energy. (rN+)
You are resistant to electric shocks. (rElec)
You can survive without breathing.
You are immune to petrification.
You are immune to rotting.


Message History

You're too confused to move!
The orc wizard hits you but does no damage.
The orc hits you but does no damage. The troll bites you but does no damage.
The troll claws you. The troll claws you but does no damage.
The orc priest barely misses you.
The orc warrior hits you with a short sword!
* * * LOW HITPOINT WARNING * * *
The orc priest calls down the wrath of Beogh upon you.
Beogh smites you!
* * * LOW HITPOINT WARNING * * *
The orc barely misses you.
The orc wizard hits you but does no damage.
You miss the orc wizard.
You feel less confused.
The orc priest no longer looks unusually strong.
The orc no longer looks unusually strong.
You block the orc's attack. You block the troll's attack.
The troll barely misses you. x2; The orc wizard barely misses you.
The orc warrior hits you with a short sword.
You die...

........#......
..........<.....
..........#.....
.....#..........
................
..........#.#...
.....oCoo.......
....o#ooo......
......oo@oo.....
......oToo......
........o.......
................
........##......
......... ......
......... ......
....... ......


You could see Saint Roka, a cyclops, a troll, an orc sorcerer, 2 orc warriors, 3
orc priests, 2 orc wizards and 6 orcs.

Vanquished Creatures
  Erolcha (Orc:1)
  Erica (D:8)
  3 two-headed ogres
  Pikel (D:7)
  The ghost of diana the Grappler, a novice VSGl of Okawaru (D:6)
  A cyclops (D:9)
  Joseph (D:7)
  Psyche (D:8)
  2 trolls
  Grinder (D:5)
  A shadow (D:7)
  A yak (D:7)
  A hungry ghost (D:8)
  2 steam dragons
  The ghost of raikaria the Vexing, an amateur DsEn (D:4)
  An ice beast (D:9)
  9 orc warriors
  3 sky beasts
  A necrophage (D:7)
  11 ogres
  4 centaurs (D:9)
  A crocodile (D:7)
  A big kobold (D:7)
  4 bullfrogs
  A scorpion (D:9)
  A howler monkey (D:5)
  4 crimson imps
  A centaur zombie (D:7)
  9 orc priests
  3 jellies
  8 hounds
  A bullfrog skeleton (D:5)
  A centaur skeleton (D:9)
  6 worker ants
  An iguana (D:8)
  15 orc wizards
  2 hound zombies
  4 worker ant zombies
  5 gnolls
  10 adders
  A shadow imp (D:8)
  2 oozes (D:2)
  2 adder skeletons (D:9)
  3 dart slugs
  5 leopard geckos
  52 orcs
  2 ball pythons (D:5)
  3 giant cockroaches
  6 goblins
  9 hobgoblins
  18 jackals
  9 quokkas
  7 bats
  A frilled lizard (D:2)
  A giant cockroach zombie (D:5)
  9 kobolds
  2 leopard gecko skeletons (D:5)
  A quokka skeleton (D:5)
  10 rats
269 creatures vanquished.

Vanquished Creatures (others)
  2 slaves (D:7)
2 creatures vanquished.

Grand Total: 271 creatures vanquished

Notes
Turn   | Place    | Note
-------+----------+-------------------------------------------
     0 | D:1      | olivier the Gargoyle Fighter began the quest for the Orb.
     0 | D:1      | Reached XP level 1. HP: 14/14 MP: 1/1
    41 | D:1      | Reached XP level 2. HP: 19/19 MP: 2/2
   321 | D:1      | Reached XP level 3. HP: 23/23 MP: 3/3
  1018 | D:2      | Reached skill level 3 in Maces & Flails
  1032 | D:2      | Found a snail-covered altar of Cheibriados.
  1046 | D:2      | Reached XP level 4. HP: 29/29 MP: 4/4
  1107 | D:2      | Found an opulent altar of Gozag.
  1108 | D:2      | Found a blossoming altar of Fedhas.
  1181 | D:2      | Found an ancient bone altar of Kikubaaqudgha.
  1283 | D:2      | Found a hazy altar of Hepliaklqana.
  1688 | D:3      | Found a glowing silver altar of Zin.
  1739 | D:3      | Reached XP level 5. HP: 30/33 MP: 5/5
  2413 | D:2      | Found a glowing golden altar of the Shining One.
  2483 | D:4      | Reached XP level 6. HP: 39/39 MP: 6/6
  2820 | D:4      | Noticed raikaria's ghost (amateur DsEn)
  2848 | D:4      | Killed raikaria's ghost
  2848 | D:4      | Reached skill level 4 in Maces & Flails
  2848 | D:4      | Reached skill level 1 in Dodging
  2955 | D:4      | Got a warped mace
  2969 | D:4      | Reached XP level 7. HP: 36/44 MP: 7/7
  3253 | D:4      | Reached skill level 5 in Fighting
  3467 | D:4      | Identified the +9 mace "Xeekeira" {pain, *Slow rC+ Str+5} (You found it on level 4 of the Dungeon)
  3503 | D:5      | Entered Level 5 of the Dungeon
  3517 | D:4      | Reached skill level 5 in Maces & Flails
  4022 | D:5      | Reached skill level 5 in Shields
  4027 | D:5      | Reached XP level 8. HP: 44/51 MP: 8/8
  4029 | D:5      | Reached skill level 6 in Maces & Flails
  4183 | D:5      | Noticed Grinder
  4196 | D:5      | Killed Grinder
  4196 | D:5      | Reached skill level 5 in Armour
  4444 | D:5      | Reached skill level 7 in Maces & Flails
  4809 | D:6      | Noticed diana's ghost (novice VSGl)
  4853 | D:6      | Killed diana's ghost
  4853 | D:6      | Reached XP level 9. HP: 42/56 MP: 9/9
  5034 | D:6      | Reached skill level 1 in Stealth
  5193 | D:6      | Found a staircase to the Ecumenical Temple.
  5788 | D:7      | Reached skill level 8 in Maces & Flails
  5805 | D:7      | Noticed Joseph
  6372 | D:7      | Killed Joseph
  6432 | D:7      | Noticed Pikel
  6461 | D:7      | Killed Pikel
  6533 | D:7      | Reached XP level 10. HP: 54/64 MP: 10/10
  7842 | D:8      | Found a hide-covered altar of Uskayaw.
  7847 | D:8      | Found a snail-covered altar of Cheibriados.
  7847 | D:8      | Found a radiant altar of Vehumet.
  7848 | D:8      | Noticed Erica
  7886 | D:8      | Killed Erica
  7886 | D:8      | Reached skill level 9 in Maces & Flails
  8052 | D:8      | Noticed a two-headed ogre
  8066 | D:8      | Killed a two-headed ogre
  8219 | D:8      | Found Xoluel's General Store.
  8227 | D:8      | Bought a scroll of identify for 24 gold pieces
  8227 | D:8      | Bought a scroll of identify for 24 gold pieces
  8327 | D:8      | Noticed Psyche
  8343 | D:8      | Killed Psyche
  8406 | D:8      | Reached XP level 11. HP: 35/71 MP: 11/11
  9151 | D:8      | Noticed a two-headed ogre
  9162 | D:8      | Killed a two-headed ogre
  9162 | D:8      | Reached skill level 10 in Maces & Flails
  9431 | D:9      | Found a staircase to the Orcish Mines.
  9628 | D:9      | Got a crude great mace
  9629 | D:9      | Identified the +8 great mace "Backes" {crush, rN++} (You found it on level 9 of the Dungeon)
  9705 | D:9      | Noticed a two-headed ogre
  9714 | D:9      | Killed a two-headed ogre
  9714 | D:9      | Reached skill level 10 in Fighting
  9928 | Orc:1    | Entered Level 1 of the Orcish Mines
  9933 | Orc:1    | Noticed a cyclops
  9962 | D:9      | Killed a cyclops
 10513 | Orc:2    | Entered Level 2 of the Orcish Mines
 10513 | Orc:2    | Noticed Erolcha
 10531 | Orc:1    | Killed Erolcha
 10761 | Orc:1    | Reached skill level 11 in Maces & Flails
 11021 | Orc:2    | Noticed Saint Roka
 11331 | Orc:2    | Noticed an orc sorcerer
 11332 | Orc:2    | Noticed a cyclops
 11341 | Orc:2    | HP: 2/73 [orc priest/divine providence[Saint Roka] (11)]
 11342 | Orc:2    | Slain by an orc warrior

Skill      XL: |  1  2  3  4  5  6  7  8  9 10 11 |
---------------+----------------------------------+-----
Maces & Flails | 3 4 5 7 8 9 11 | 11.0
Shields        | 4 5 7 8 9 |  9.3
Fighting       | 4 5 6 7 9 10 | 10.3
Armour         | 4 5 6 8 |  8.8
Dodging        | 1 2 3 |  3.1
Stealth        | 1 2 |  2.2

Action                   |  1- 3 |  4- 6 |  7- 9 | 10-12 || total
-------------------------+-------+-------+-------+-------++-------
Melee: Flail             |   159 |   245 |    20 |       ||   424
       Mace              |       |       |   200 |   378 ||   578
  Use: Scroll            |     6 |     1 |     8 |     2 ||    17
       Potion            |       |     1 |     2 |     4 ||     7
 Stab: Distracted        |       |       |       |     1 ||     1
  Eat: Chunk             |     1 |     5 |     4 |    18 ||    28
       Ration            |       |     1 |     2 |     2 ||     5
Armor: Scale mail        |   125 |   110 |    67 |       ||   302
       Chain mail        |       |       |    54 |   150 ||   204
       Plate armour      |       |       |       |    63 ||    63
       Skin              |       |       |       |     9 ||     9
Dodge: Dodged            |    78 |    58 |    74 |   124 ||   334
Block: Shield            |    98 |   145 |   142 |   182 ||   567
